 Dungeon Crawl Stone Soup version 0.19.3-1-g3169bf9 (console) character file.

79702 Kloppie the Severer (level 16, -6/124 HPs)
             Began as a Formicid Fighter on Jan 25, 2017.
             Was the Champion of Ru.
             Killed by drain life
             ... invoked by a soul eater
             ... summoned by an orc high priest
              (10 damage)
             ... on level 2 of the Orcish Mines.
             The game lasted 00:44:49 (21159 turns).

Kloppie the Severer (Formicid Fighter)             Turns: 21159, Time: 00:44:50

Health: -6/124     AC: 21    Str: 26    XL:     16   Next: 12%
Magic:  16/16      EV: 13    Int: 10    God:    Ru [******]
Gold:   1545       SH: 14    Dex: 20    Spells: 0 memorised, 15 levels left

rFire  . . .     SeeInvis +     a - +5 battleaxe
rCold  + . .     Gourm    .     C - +0 plate armour
rNeg   . . .     Faith    .     c - +0 shield
rPois  .         Spirit   .     (helmet unavailable)
rElec  .         Reflect  .     v - +0 cloak
rCorr  +         Harm     .     (no gloves)
MR     +....                    t - +2 pair of boots
Stlth  ..........               o - amulet of regeneration
                                J - ring of resist corrosion
                                w - ring of protection from cold

@: mighty, agile, exhausted, no potions, drained
A: permanent stasis, dig shafts and tunnels, four strong arms, antennae 3,
inability to drink while threatened, no stealth, inability to use devices, hated
by all, unskilled 1
a: Dig, Shaft Self, Draw Out Power, Power Leap, Apocalypse, Renounce Religion


You were on level 2 of the Orcish Mines.
You worshipped Ru.
Ru was exalted by your worship.
You were hungry.

You visited 4 branches of the dungeon, and saw 24 of its levels.
You also visited: Sewer.

You collected 1545 gold pieces.

Inventory:

Hand Weapons
 a - a +5 battleaxe (weapon)
 b - a +2 dire flail of protection
Armour
 c - a +0 shield (worn)
 t - a +2 pair of boots (worn)
 v - a +0 cloak (worn)
 C - a +0 plate armour (worn)
Jewellery
 h - an uncursed ring of fire
 i - an uncursed ring of magical power
 k - an uncursed ring of protection from fire
 o - an amulet of regeneration (around neck)
 p - the ring "Echaets" {Ice rPois rN+ MP+9}
   (You found it on level 5 of the Dungeon)

   [ring of ice]

   It enhances your ice magic.
   It makes you vulnerable to fire.
   It protects you from cold.
   It protects you from poison.
   It protects you from negative energy.
   It affects your magic capacity (+9).
 u - a +5 ring of dexterity
 w - a ring of protection from cold (left hand)
 G - an uncursed ring of protection from magic
 I - an uncursed ring of protection from magic
 J - a ring of resist corrosion (right hand)
Scrolls
 e - 4 scrolls of noise
 g - 3 scrolls of magic mapping
 j - 3 scrolls of amnesia
 n - 10 scrolls of identify
 s - 5 scrolls of remove curse
 B - a scroll of fog
Potions
 r - 2 potions of brilliance
 x - 2 potions of agility
 E - a potion of ambrosia
 F - 3 potions of curing
 H - 3 potions of cure mutation
 K - a potion of beneficial mutation {unknown}
Books
 y - a book of Fire

   Spells                             Type                      Level
   a - Ignite Poison                  Fire/Transmutation/Poison    3
   b - Fireball                       Conjuration/Fire             5
   c - Bolt of Fire                   Conjuration/Fire             6
   d - Delayed Fireball               Conjuration/Fire             7
   e - Ring of Flames                 Charms/Fire                  7
 L - a book of Changes

   Spells                             Type                      Level
   a - Beastly Appendage              Transmutation                1
   b - Sticks to Snakes               Transmutation                2
   c - Spider Form                    Transmutation/Poison         3
   d - Ice Form                       Ice/Transmutation            4
   e - Blade Hands                    Transmutation                5
Comestibles
 d - 2 chunks of flesh
 f - 7 bread rations
 l - 14 meat rations
 m - 9 beef jerkies
 q - a royal jelly
 z - 18 fruits
 D - 3 slices of pizza


   Skills:
 - Level 10.7(10.5) Fighting
 + Level 16.9(16.6) Axes
 + Level 13.1(12.8) Armour
 - Level 11.9(11.7) Shields


You had 15 spell levels left.
You didn't know any spells.

Dungeon Overview and Level Annotations

Branches:
Dungeon (15/15)            Temple (1/1) D:6            Lair (6/6) D:8
  Snake (0/4) Lair:2        Slime (0/5) Lair:5          Orc (2/2) D:11
 Vaults (0/5) D:14         Depths (0/5) D:15
  Swamp: Lair:2-4    Shoals: Lair:2-4       Elf: Orc:2

Altars:
Ashenzari
Cheibriados
Dithmenos
Elyvilon
Fedhas
Gozag
Hepliaklqana
Kikubaaqudgha
Makhleb
Nemelex Xobeh
Okawaru
Qazlal
Ru
Sif Muna
Trog
Uskayaw
Vehumet
Xom
Yredelemnul
Zin
The Shining One

Shops:
D:4 ?[   D:7 %   Orc:2 (

Annotations:
Lair:6 exclusion: ice statue


Innate Abilities, Weirdness & Mutations

You are under a permanent stasis effect.
You can dig through walls and to a lower floor.
Your four strong arms can wield two-handed weapons with a shield.
You have a pair of large antennae on your head. (SInv)
You cannot drink potions while threatened.
You cannot be stealthy.
You cannot study or use magical devices.
You are hated by all.
You are somewhat unskilled. (-1 Apt)


Message History

You focus your will and blind the sun demon in retribution!
The red devil completely misses you.
The orc knight hits you with a battleaxe!!
* * * LOW HITPOINT WARNING * * *
You hear a shout!
An orc warrior comes into view. It is wielding a dire flail.
You slash the orc high priest!
The orc high priest is almost dead.
You barely miss the orc knight. You closely miss the orc knight.
You slash the sun demon!
You kill the sun demon!
You barely miss the soul eater. You slash the orc sorcerer!
The orc wizard begins to cast a spell, but is stunned by your will!
The orc high priest calls upon Beogh to heal the orc sorcerer.
The orc sorcerer is healed somewhat.
The orc sorcerer begins to cast a spell, but is stunned by your will! x2
The orc knight roars a battlecry!
The orc warrior goes into a battle-frenzy!
The soul eater draws from the surrounding life force!
You die...

#####
###o..##
##..oo3.##
#..4o@)..##
...
#..÷.o##o...#
..... #...o
##)).##.....
...÷
#.)..#.....
.÷o
##...o#....
.. {
#........$ .
###......$.#
{{
#.#.†.....##
{
#.#.)).#...#


You could see 3 orc knights, a soul eater, an orc high priest, 2 orc sorcerers,
a red devil, 2 orc warriors and an orc wizard (invisible).

Vanquished Creatures
  Kirke (Lair:5)
  Azrael (D:13)
  Josephine (D:14)
  Snorg (Lair:6)
  Fannar (Lair:1)
  An ice dragon (Lair:6)
  3 hydras
  A centaur warrior (D:13)
  A catoblepas (Lair:6)
  A death yak (D:8)
  2 death knights
  An orc high priest (Orc:2)
  A vampire mage (D:15)
  The ghost of loom the Thaumaturge, a journeyman DECj of Vehumet (Lair:2)
  Nergalle (Lair:4)
  Sonja (Lair:4)
  5 skeletal warriors
  An unseen horror (D:14)
  8 hill giants
  5 orc knights
  Pikel (D:5)
  An oklob plant (Lair:6)
  2 ugly things
  A necromancer (D:15)
  2 orc sorcerers (Orc:1)
  2 manticores
  A fire giant skeleton (D:15)
  5 cyclopes
  6 elephants
  4 black mambas
  Psyche (D:8)
  3 centaur skeletons
  Joseph (D:7)
  2 gargoyles
  11 spiny frogs
  A kobold demonologist (D:13)
  A yaktaur zombie (D:15)
  4 rime drakes
  7 trolls
  6 komodo dragons
  7 polar bears
  15 blink frogs
  A hornet (D:12)
  A two-headed ogre (D:12)
  A dream sheep (Lair:6)
  11 hippogriffs
  A spriggan (D:12)
  A spriggan skeleton (D:15)
  An elf zombie (D:15)
  2 shadows
  9 wraiths
  2 wyverns
  4 vampires
  6 fire elementals (D:13)
  Sigmund (D:6)
  6 hogs (Lair:5)
  5 basilisks
  48 yaks
  A hungry ghost (D:12)
  Menkaure (D:7)
  6 nagas (Lair:2)
  2 swamp worms
  Edmund (D:4)
  A soldier ant (D:14)
  2 wargs (Orc:1)
  2 hell hounds (D:13)
  13 water moccasins
  Duvessa (D:5)
  18 orc warriors
  9 porcupines
  2 slaves (D:5)
  7 sky beasts
  A hornet zombie (D:10)
  A black bear (D:11)
  An eye of draining (D:12)
  11 ice beasts
  4 boggarts
  3 necrophages
  13 ogres
  12 wolves
  15 centaurs
  3 phantoms
  19 crocodiles
  12 bullfrogs
  A gnoll sergeant (D:7)
  3 scorpions
  A wyvern skeleton (D:14)
  Dowan (D:5)
  A water moccasin skeleton (D:10)
  13 killer bees
  16 wights
  4 howler monkeys
  3 bullfrog zombies
  9 crimson imps
  3 quasits
  16 orc priests
  5 hounds
  15 jellies
  3 centaur zombies
  A bullfrog skeleton (D:8)
  4 iguanas
  13 worker ants
  21 orc wizards
  6 hell rats (Lair:5)
  2 hound zombies
  A hound skeleton (D:11)
  11 gnolls
  12 adders
  4 river rats
  3 shadow imps
  A white imp (Lair:6)
  2 oozes
  2 adder skeletons
  2 worms
  5 dart slugs
  10 leopard geckos
  79 orcs
  9 bats
  12 giant cockroaches
  14 goblins
  9 hobgoblins
  16 jackals
  8 quokkas
  5 ball pythons (Sewer)
  A ball python skeleton (D:5)
  9 frilled lizards
  10 kobolds
  16 rats
  8 fungi
  5 plants
778 creatures vanquished.

Vanquished Creatures (others)
  2 ghouls (D:1)
  A minotaur (D:1)
  2 hydras
  A manticore (Lair:6)
  A black mamba (Lair:5)
  A spiny frog (Lair:1)
  An elf (D:1)
  A vine stalker (D:1)
  A formicid (D:1)
  4 humans
  A naga (D:1)
  A dwarf (D:1)
  A boggart (D:14)
  A howler monkey (D:6)
  3 mummies (D:1)
  3 orcs
  A frilled lizard (D:5)
  8 fungi
  7 plants
  14 tentacles (D:1)
55 creatures vanquished.

Grand Total: 833 creatures vanquished

Notes
Turn   | Place    | Note
-------+----------+-------------------------------------------
     0 | D:1      | Kloppie the Formicid Fighter began the quest for the Orb.
     0 | D:1      | Reached XP level 1. HP: 18/18 MP: 1/1
     2 | D:1      | Noticed a human
     2 | D:1      | Noticed a human
     2 | D:1      | Noticed a vine stalker
     2 | D:1      | Noticed a ghoul
     2 | D:1      | Noticed a ghoul
     2 | D:1      | Noticed an elf
     2 | D:1      | Noticed a kraken
     2 | D:1      | Noticed a human
     2 | D:1      | Noticed a formicid
     2 | D:1      | Noticed a dwarf
     2 | D:1      | Noticed a minotaur
     2 | D:1      | Noticed a naga
    10 | D:1      | Killed an elf
    12 | D:1      | Killed a minotaur
    13 | D:1      | Killed a vine stalker
    13 | D:1      | Killed a human
    13 | D:1      | Killed a formicid
    14 | D:1      | Killed a dwarf
    15 | D:1      | Killed a naga
    16 | D:1      | Killed a human
    17 | D:1      | Killed a human
    24 | D:1      | Killed a ghoul
    30 | D:1      | Killed a ghoul
   111 | D:1      | Reached XP level 2. HP: 17/24 MP: 2/2
   358 | D:1      | Reached XP level 3. HP: 30/30 MP: 3/3
   566 | D:2      | Found a snail-covered altar of Cheibriados.
   636 | D:2      | Reached skill level 3 in Axes
   671 | D:2      | Reached XP level 4. HP: 22/38 MP: 4/4
  1483 | D:3      | Found a glowing drain.
  1487 | D:3      | Reached XP level 5. HP: 41/43 MP: 5/5
  1506 | Sewer    | Entered a sewer
  1525 | Sewer    | Reached skill level 5 in Fighting
  2063 | D:3      | Reached skill level 4 in Axes
  2158 | D:3      | Reached XP level 6. HP: 37/51 MP: 6/6
  2184 | D:3      | Found a sparkling altar of Nemelex Xobeh.
  3034 | D:4      | Reached skill level 5 in Axes
  3034 | D:4      | Reached XP level 7. HP: 55/58 MP: 7/7
  3094 | D:4      | Found a blossoming altar of Fedhas.
  3159 | D:4      | Found Kazihatu's Antique Armour Emporium.
  3323 | D:4      | Noticed Edmund
  3343 | D:4      | Killed Edmund
  3385 | D:4      | Found Mismafoc's Magic Scroll Emporium.
  3445 | D:4      | Reached skill level 6 in Axes
  3574 | D:5      | Entered Level 5 of the Dungeon
  3625 | D:5      | Reached XP level 8. HP: 63/65 MP: 8/8
  3632 | D:5      | Got a heavily runed brass ring
  3633 | D:5      | Identified the ring "Echaets" {Ice rPois rN+ MP+9} (You found it on level 5 of the Dungeon)
  3661 | D:5      | Found a stormy altar of Qazlal.
  3697 | D:5      | Reached skill level 5 in Shields
  3742 | D:5      | Found an iron altar of Okawaru.
  3822 | D:5      | Noticed Dowan
  3827 | D:5      | Killed Dowan
  3831 | D:5      | Noticed Duvessa
  3853 | D:5      | Killed Duvessa
  4188 | D:5      | Noticed Pikel
  4271 | D:5      | Killed Pikel
  4271 | D:5      | Reached skill level 7 in Axes
  4271 | D:5      | Reached XP level 9. HP: 57/71 MP: 9/9
  4472 | D:5      | Noticed a troll
  4500 | D:5      | Killed a troll
  4500 | D:5      | Reached skill level 8 in Axes
  4845 | D:6      | Reached skill level 5 in Armour
  5014 | D:6      | Found a glowing golden altar of the Shining One.
  5099 | D:6      | Found an ancient bone altar of Kikubaaqudgha.
  5099 | D:6      | Found an iron altar of Okawaru.
  5247 | D:6      | Noticed Sigmund
  5258 | D:6      | Killed Sigmund
  5427 | D:6      | Found a staircase to the Ecumenical Temple.
  5436 | Temple   | Entered the Ecumenical Temple
  5614 | Temple   | Became a worshipper of Ru the Awakened
  5972 | D:7      | Noticed Menkaure
  5977 | D:7      | Killed Menkaure
  5985 | D:7      | Noticed Joseph
  5987 | D:7      | Gained mutation: You possess an exceptional clarity of mind. [potion of mutation]
  5987 | D:7      | Gained mutation: Your body sometimes deteriorates upon taking damage. [potion of mutation]
  5987 | D:7      | Gained mutation: Your flesh is cold resistant. (rC+) [potion of mutation]
  6014 | D:7      | Killed Joseph
  6014 | D:7      | Reached skill level 9 in Axes
  6234 | D:7      | Reached XP level 10. HP: 57/77 MP: 10/10
  6242 | D:7      | Lost mutation: Your body sometimes deteriorates upon taking damage. [potion of cure mutation]
  6242 | D:7      | Lost mutation: You possess an exceptional clarity of mind. [potion of cure mutation]
  6242 | D:7      | Lost mutation: Your flesh is cold resistant. (rC+) [potion of cure mutation]
  6682 | D:7      | Reached skill level 10 in Axes
  6876 | D:7      | Found Fonk's Food Boutique.
  6950 | D:7      | Gained mutation: You are hated by all. [Ru sacrifice]
  6950 | D:7      | Reached * piety under Ru
  6991 | D:8      | Found a radiant altar of Vehumet.
  7024 | D:8      | Found a staircase to the Lair.
  7024 | D:8      | Noticed an elephant
  7024 | D:8      | Noticed a death yak
  7068 | D:7      | Killed an elephant
  7413 | D:8      | Killed a death yak
  7413 | D:8      | Reached skill level 11 in Axes
  7589 | D:8      | Noticed Psyche
  7611 | D:8      | Killed Psyche
  7611 | D:8      | Reached XP level 11. HP: 63/86 MP: 11/11
  8585 | D:9      | Found a burning altar of Makhleb.
  8585 | D:9      | Found a hide-covered altar of Uskayaw.
  8777 | D:10     | Entered Level 10 of the Dungeon
  8793 | D:10     | Noticed a hill giant
  8807 | D:10     | Killed a hill giant
  8807 | D:10     | Reached skill level 12 in Axes
  8941 | D:10     | Noticed a hill giant
  8959 | D:10     | Killed a hill giant
  9084 | D:10     | Reached skill level 10 in Shields
  9139 | D:10     | Noticed a brown ugly thing
  9190 | D:10     | Gained mutation: You cannot study or use magical devices. [Ru sacrifice]
  9190 | D:10     | Reached ** piety under Ru
  9190 | D:10     | Reached *** piety under Ru
  9558 | D:11     | Noticed a purple ugly thing
  9585 | D:11     | Killed a purple ugly thing
  9596 | D:11     | Noticed a manticore
  9618 | D:11     | Killed a manticore
  9796 | D:11     | Reached XP level 12. HP: 90/95 MP: 12/12
  9995 | D:11     | Reached skill level 13 in Axes
  9996 | D:11     | Found a staircase to the Orcish Mines.
 10892 | Lair:1   | Entered Level 1 of the Lair of Beasts
 11101 | Lair:1   | Gained mutation: You cannot be stealthy. [Ru sacrifice]
 11101 | Lair:1   | Reached **** piety under Ru
 11113 | Lair:1   | Noticed Fannar
 11138 | Lair:1   | Killed Fannar
 11206 | Lair:1   | Reached skill level 14 in Axes
 11661 | Lair:2   | Reached XP level 13. HP: 96/101 MP: 13/13
 11678 | Lair:2   | Noticed loom's ghost (journeyman DECj)
 11685 | Lair:2   | HP: 5/101 [loom's ghost/bolt of negative energy (26)]
 11690 | Lair:1   | HP: 4/101 [poisoned by a naga (splash of poison)]
 11862 | Lair:2   | Killed loom's ghost
 12501 | Lair:2   | Found a staircase to the Snake Pit.
 12699 | Lair:3   | Noticed a seven-headed hydra
 12711 | Lair:3   | Killed a seven-headed hydra
 12859 | Lair:3   | Gained mutation: You cannot drink potions while threatened. [Ru sacrifice]
 12859 | Lair:3   | Reached ***** piety under Ru
 12950 | Lair:3   | Noticed a five-headed hydra
 12960 | Lair:3   | Killed a five-headed hydra
 12960 | Lair:3   | Reached skill level 15 in Axes
 13652 | Lair:4   | Noticed Nergalle
 13661 | Lair:4   | Killed Nergalle
 13699 | Lair:4   | Noticed Sonja
 13705 | Lair:4   | Killed Sonja
 13705 | Lair:4   | Reached skill level 10 in Fighting
 14255 | Lair:5   | Gained mutation: You are somewhat unskilled. (-1 Apt) [Ru sacrifice]
 14255 | Lair:5   | Reduced skill Axes to level 14
 14255 | Lair:5   | Reached ****** piety under Ru
 14272 | Lair:5   | Reached XP level 14. HP: 40/108 MP: 14/14
 14458 | Lair:5   | Found a staircase to the Slime Pits.
 14618 | Lair:5   | Reached skill level 10 in Fighting
 14730 | Lair:5   | Noticed Kirke
 14748 | Lair:5   | Killed Kirke
 15453 | Orc:1    | Entered Level 1 of the Orcish Mines
 15612 | Orc:1    | Reached skill level 15 in Axes
 16111 | Lair:6   | Entered Level 6 of the Lair of Beasts
 16424 | Lair:6   | Reached skill level 10 in Armour
 16768 | Lair:6   | Noticed Snorg
 16787 | Lair:6   | Killed Snorg
 17344 | Lair:6   | Reached XP level 15. HP: 86/117 MP: 15/15
 18257 | D:12     | Reached skill level 16 in Axes
 18837 | D:13     | Noticed Azrael
 18846 | D:13     | Killed Azrael
 19815 | D:14     | Found a gate to the Vaults.
 20285 | D:15     | Entered Level 15 of the Dungeon
 20285 | D:15     | Noticed Josephine
 20317 | D:14     | Killed Josephine
 20663 | D:15     | Found a stormy altar of Qazlal.
 20755 | D:15     | Reached XP level 16. HP: 108/124 MP: 16/16
 20776 | D:15     | Found a staircase to the Depths.
 21098 | Orc:2    | Entered Level 2 of the Orcish Mines
 21117 | Orc:2    | Found Iclamat's Weapon Emporium.
 21158 | Orc:2    | HP: 3/124 [orc knight/battleaxe (27)]
 21159 | Orc:2    | Killed from afar by a soul eater

Skill      XL: |  1  2  3  4  5  6  7  8  9 10 11 12 13 14 15 16 |
---------------+-------------------------------------------------+-----
Fighting       | 4 5 6 7 9 9 10 | 10.7
Axes           | 3 4 5 6 7 9 11 12 14 14 15 16 | 16.9
Shields        | 4 7 9 10 12 11 | 11.9
Armour         | 6 7 9 10 12 13 | 13.1

Action                   |  1- 3 |  4- 6 |  7- 9 | 10-12 | 13-15 | 16-18 || total
-------------------------+-------+-------+-------+-------+-------+-------++-------
Melee: War axe           |    93 |   234 |   337 |   559 |       |       ||  1223
       Battleaxe         |       |       |       |   296 |  1244 |    86 ||  1626
       Dire flail        |       |       |       |       |    29 |       ||    29
Invok: Sacrifice Love    |       |       |       |     1 |       |       ||     1
       Sacrifice Artific |       |       |       |     1 |       |       ||     1
       Draw Out Power    |       |       |       |     1 |     4 |     1 ||     6
       Sacrifice Stealth |       |       |       |     1 |       |       ||     1
       Sacrifice Drink   |       |       |       |       |     1 |       ||     1
       Sacrifice Skill   |       |       |       |       |     1 |       ||     1
       Apocalypse        |       |       |       |       |     3 |       ||     3
Evoke: Wand              |       |       |       |     3 |       |       ||     3
  Use: Scroll            |       |    11 |     2 |     6 |     6 |     1 ||    26
       Potion            |       |     7 |     6 |     6 |     4 |     2 ||    25
 Stab: Confused          |       |       |       |     3 |       |       ||     3
       Distracted        |       |       |       |     2 |     8 |       ||    10
       Invisible         |       |       |       |     5 |    17 |       ||    22
       Paralysed         |       |       |       |       |    13 |       ||    13
  Eat: Chunk             |       |     8 |     9 |    16 |    26 |     1 ||    60
       Meat ration       |       |       |     1 |       |     1 |       ||     2
Armor: Scale mail        |    44 |   109 |    94 |       |       |       ||   247
       Skin              |       |       |    29 |       |    12 |       ||    41
       Chain mail        |       |       |    20 |   259 |       |       ||   279
       Plate armour      |       |       |       |    66 |   523 |    19 ||   608
Dodge: Dodged            |    25 |    71 |    93 |   183 |   235 |    11 ||   618
Block: Shield            |    54 |   152 |   216 |   482 |   759 |    29 ||  1692
